Map: Terraform LE (Void)

Players

Sanguinarius

  • Race: Protoss Protoss
  • League: Grandmaster

OptimusPrime

  • Race: Protoss Protoss
  • League: Grandmaster

Flyinshoe - Winner!

  • Race: Terran Terran
  • League: Grandmaster

Jimbo - Winner!

  • Race: Terran Terran
  • League: Grandmaster

VOD

Have the link to the VOD?

Description

Time

  • Played on: Aug. 26, 2015, 7:10 p.m.
  • Length: 9:36
Show
View Real Time Build Order
Export as new Build Order

Sanguinarius Protoss 

Build Orders: Double Forge 

Get SALT Encoding   

  12  0:02  Probe  
  13  0:14  Probe  
  14  0:26  Pylon  
  14  0:33  Probe  
  15  0:41  Assimilator  
  15  0:45  Probe  
  16  0:57  Probe  
  16  0:59  Gateway  
  17  1:04  Pylon  
  17  1:12  Probe  
  18  1:23  Assimilator  
  18  1:24  Probe  
  19  1:40  Probe  
  20  1:47  Pylon  
  20  1:49  Cybernetics Core  
  20  1:52  Probe  
  21  2:04  Probe  
  22  2:12  Warp Gate  
  22  2:15  Pylon  
  22  2:16  Probe  
  22  2:21  Forge  
  25  2:27  Adept  
  25  2:28  Probe  
  26  2:36  Forge  
  26  2:48  Pylon  
  26  2:51  Probe  
  27  2:57  Protoss Ground Weapons Level 1  
  27  3:03  Probe  
  28  3:15  Probe  
  29  3:25  Nexus  
  29  3:34  Gateway  
  29  3:39  Protoss Ground Armor Level 1  
  29  3:49  Gateway  
  29  3:59  Gateway  
  29  4:03  Pylon  
  29  4:16  Pylon  
  29  4:18  Mothership Core  
  31  4:34  Twilight Council  
  31  4:36  Pylon  
  31  4:54  Probe  
  31  4:55  Probe  
  33  5:07  Probe x2  
  35  5:13  Assimilator  
  35  5:15  Assimilator  
  35  5:19  Probe x2, Photon Cannon  
  37  5:25  Pylon  
  37  5:30  Stalker x2  
  37  5:31  Probe x2  
  37  5:34  Stalker  
  45  5:39  Stalker  
  47  5:43  Probe  
  47  6:02  Charge  
  47  6:05  Protoss Ground Armor Level 2, Protoss Ground Weapons Level 2  
  47  6:10  Probe x2  
  49  6:22  Probe x2  
  51  6:28  Zealot x2  
  51  6:29  Zealot  
  49  6:34  Probe x2  
  39  6:56  Stalker  
  39  6:57  Stalker  
  39  6:59  Zealot  
  39  7:00  Zealot  
  41  7:09  Pylon  
  32  7:28  Zealot x3  
  34  7:40  Zealot  
  32  7:49  Gateway  
  32  7:56  Templar Archives  
  30  8:08  Probe  
  30  8:20  Probe  
  29  8:27  Stalker x2  
  29  8:32  Probe  
  29  8:33  Probe  
  35  8:42  Zealot  
  35  8:45  Probe  
  28  8:58  Probe  
  28  8:59  High Templar x2  
  28  9:02  Archon  
  33  9:07  High Templar x2  
  37  9:10  Probe, Archon  
Show
View Real Time Build Order
Export as new Build Order

OptimusPrime Protoss 

Build Orders:  

Get SALT Encoding   

  12  0:02  SCV  
  13  0:14  SCV  
  14  0:27  Supply Depot  
  14  0:30  SCV  
  14  0:34  Refinery  
  15  0:53  Barracks  
  15  0:57  SCV  
  16  1:04  Barracks  
  16  1:16  SCV  
  17  1:30  SCV  
  18  1:36  Supply Depot  
  18  1:40  Marine  
  19  1:52  SCV  
  19  1:53  Factory  
  20  1:54  Barracks Tech Lab  
  20  2:00  Refinery  
  20  2:09  Engineering Bay  
  20  2:11  SCV  
  21  2:23  Stimpack  
  21  2:25  Marine  
  22  2:31  Marauder  
  22  2:37  SCV  
  25  2:43  Marine  
  26  2:50  Missile Turret  
  26  2:59  SCV  
  27  3:07  Supply Depot  
  27  3:10  Barracks Reactor  
  27  3:20  Starport  
  27  3:23  Marauder  
  27  3:27  SCV  
  30  3:39  Orbital Command  
  30  3:49  Factory Tech Lab  
  30  3:51  Marine x2  
  30  3:55  Marauder  
  34  4:01  Starport Reactor  
  34  4:12  Marine x2  
  36  4:23  Combat Shields  
  36  4:29  Marauder  
  38  4:37  Medivac  
  38  4:38  Medivac  
  42  4:43  Marine  
  43  5:03  Command Center  
  43  5:12  Siege Tank  
  46  5:14  Marine  
  47  5:33  Marauder, Marine  
  50  5:37  Viking  
  52  5:42  Marine  
  53  5:52  Supply Depot  
  53  5:58  Marine  
  53  6:00  Concussive Shells  
  54  6:04  Terran Infantry Weapons Level 1  
  54  6:14  Marauder  
  56  6:37  Marine  
  56  6:38  Marauder, Marine  
  56  6:45  Medivac  
  56  6:46  Medivac  
  56  7:00  Barracks  
  53  7:02  Planetary Fortress  
  53  7:05  SCV  
  54  7:18  SCV  
  53  7:37  Marine x2  
  53  7:38  Marauder  
  53  7:39  SCV x2  
  57  7:45  Siege Tank  
  57  7:50  Barracks Reactor  
  57  7:51  SCV x2  
  60  7:55  Barracks  
  60  7:57  Marine  
  60  7:58  Marine  
  63  8:03  SCV x2  
  65  8:12  Missile Turret  
  65  8:18  Liberator  
  64  8:31  Marine x2  
  64  8:32  Marauder  
  71  8:50  Armory  
  71  9:05  Barracks Tech Lab  
  71  9:09  SCV x2  
  73  9:21  SCV x2  
Show
View Real Time Build Order
Export as new Build Order

Flyinshoe Terran - Winner!

Build Orders:  

Get SALT Encoding   

Show
View Real Time Build Order
Export as new Build Order

Jimbo Terran - Winner!

Build Orders:  

Get SALT Encoding   

Tags
 
Add a new tag
Caveats
  • Supply blocks, unpowered buildings, or Contaminate may cause inaccurate times.
  • Supply counts are checked every 10 seconds.